 Dungeon Crawl Stone Soup version 0.28.0-1-gb440e238dd (webtiles) character file.

Game seed: 2367782603302347969

3534 jfcaron the Skirmisher (level 9, -6/72 HPs)
             Began as a Demonspawn Monk on Feb 24, 2022.
             Was a Believer of Qazlal.
             Mangled by a boulder beetle (24 damage)
             ... on level 7 of the Dungeon.
             The game lasted 00:23:09 (10597 turns).

jfcaron the Skirmisher (Demonspawn Monk)           Turns: 10597, Time: 00:23:09

Health: -6/72      AC: 16    Str: 15    XL:     9   Next: 82%
Magic:  14/14      EV: 10    Int: 12    God:    Qazlal [**....]
Gold:   327        SH:  3    Dex: 16    Spells: 6/8 levels left

rFire   . . .      SeeInvis .   m - +1 war axe
rCold   . . .      Faith    .   (no shield)
rNeg    . . .      Spirit   .   t - +0 plate armour
rPois   +          Reflect  .   (helmet restricted)
rElec   .          Harm     .   (no cloak)
rCorr   .          Rampage  .   (no gloves)
Will    .....                   p - +0 pair of boots
Stlth   ..........              (no amulet)
HPRegen 0.22/turn               o - +4 ring of evasion
MPRegen 0.14/turn               a - ring of poison resistance

@: mighty
A: antennae 1, ignite blood 1, powered by pain 1, sharp scales 2
a: Renounce Religion, Upheaval


You were on level 7 of the Dungeon.
You worshipped Qazlal.
Qazlal was pleased with you.
You visited 2 branches of the dungeon, and saw 9 of its levels.

You collected 327 gold pieces.

Inventory:

Hand Weapons
 m - a +1 war axe (weapon)
Missiles
 c - 30 bolts
 d - 154 stones
 e - 88 sling bullets
 k - 88 arrows
 n - 3 boomerangs
 v - 5 poisoned darts (quivered)
Armour
 l - a +3 ring mail
 p - a +0 pair of boots (worn)
 s - a +0 scale mail
 t - a +0 plate armour (worn)
 y - the +1 chain mail of Ufoneffo {-Tele rPois rF+++ Str-2}
   (You found it on level 6 of the Dungeon)

   Str:       It affects your strength (-2).
   rF:        It renders you almost immune to fire.
   rPois:     It protects you from poison.
   -Tele:     It prevents most forms of teleportation.
 A - the -12 tower shield of Negligence {rF++ Regen+ MP+9 Dex+4}
   (You took it off a wight on level 6 of the Dungeon)

   Dex:       It affects your dexterity (+4).
   rF:        It greatly protects you from fire.
   MP:        It affects your magic capacity (+9).
   Regen:     It increases your rate of health regeneration.
Jewellery
 a - a ring of poison resistance (right hand)
 j - a +6 ring of strength
 o - a +4 ring of evasion (left hand)
Wands
 x - a wand of paralysis (5)
 C - a wand of flame (27)
 E - a wand of iceblast (8)
Scrolls
 b - a scroll of amnesia {unknown}
 f - 2 scrolls of fear
 w - 4 scrolls of teleportation
 z - a scroll of enchant weapon
 B - a scroll of acquirement {unknown}
 D - 3 scrolls of blinking
Potions
 g - 2 potions of ambrosia
 h - a potion of mutation
 i - 3 potions of curing
 q - 2 potions of haste
 r - a potion of berserk rage
 u - a potion of magic
 F - a potion of resistance {unknown}


   Skills:
 + Level 7.6 Fighting
 + Level 6.9 Axes
 * Level 7.6 Armour
 - Level 2.6 Dodging
 - Level 1.7 Stealth
 + Level 7.1 Invocations


You had 6 spell levels left.
You knew the following spells:

 Your Spells              Type           Power      Damage    Failure   Level
a - Passwall              Tmut/Erth      0%         N/A       100%        2

Your spell library contained the following spells:

 Spells                   Type           Power      Damage    Failure   Level
 Sandblast                Erth           0%         2d4       100%        1
 Ensorcelled Hibernation  Hex/Ice        0%         N/A       100%        2
 Call Canine Familiar     Summ           0%         N/A       100%        3
 Portal Projectile        Hex/Tloc       0%         N/A       100%        3
 Stone Arrow              Conj/Erth      0%         3d7       100%        3
 Swiftness                Air            0%         N/A       100%        3
 Leda's Liquefaction      Hex/Erth       0%         N/A       100%        4


Dungeon Overview and Level Annotations

Branches:
Dungeon (8/15)             Temple (1/1) D:4
   Lair: D:8-11

Altars:
Ashenzari
Cheibriados
Dithmenos
Elyvilon
Fedhas
Hepliaklqana
Kikubaaqudgha
Makhleb
Nemelex Xobeh
Okawaru
Qazlal
Ru
Sif Muna
Trog
Uskayaw
Vehumet
Wu Jian
Xom
Yredelemnul

Shops:
D:6 *   D:7 (


Innate Abilities, Weirdness & Mutations

You have a pair of small antennae on your head.
Your demonic aura sometimes causes spilled blood to erupt in flames.
You sometimes gain a little power by taking damage.
You are mostly covered in razor-sharp scales. (AC +2, Slay +2)


Message History

You hit the boulder beetle but do no damage.
The boulder beetle is moderately wounded.
The boulder beetle bites you but does no damage.
You hit the boulder beetle but do no damage.
The boulder beetle is moderately wounded.
The boulder beetle bites you!
Aiming: Upheaval
Press: ? - help, Dir - move target, p - boulder beetle A blizzard blasts the area with ice!
The boulder beetle bites you but does no damage.
Unknown command.
Aiming: Upheaval
Press: ? - help, Dir - move target, f - boulder beetle
Aim: a boulder beetle (moderately wounded) That beam is likely to hit you.
Continue anyway?
The ground shakes violently, spewing rubble!
The blast of rubble hits the boulder beetle but does no damage.
The boulder beetle is moderately wounded.
The boulder beetle bites you.
Unknown command.
You hit the boulder beetle but do no damage.
The boulder beetle is moderately wounded.
The boulder beetle bites you but does no damage.
You hit the boulder beetle.
The boulder beetle is moderately wounded.
The boulder beetle barely misses you.
You hit the boulder beetle.
The boulder beetle is moderately wounded.
You block the boulder beetle's attack. The boulder beetle bites you!
You focus on the pain.
You feel very mighty all of a sudden.
You slash the boulder beetle!
The boulder beetle is moderately wounded.
The boulder beetle bites you!!
* * * LOW HITPOINT WARNING * * *
You focus on the pain.
You feel your power returning.
You hit the boulder beetle but do no damage.
The boulder beetle is moderately wounded.
The boulder beetle bites you!!
You die...

##...## #....## ##.....#
##...###.....# #).∩.##
##...##.....## #....#
#...........## ##)...##
##............### ##......##
#>..............####....#...#
##...^.................#####..
###...........°.B.......## ##.
##..........###.@.......## ##
....##.....## ###.......# #
#######..(.# ##......# #
##...# ####.......# #
#...###..........# #
#................# #
##...............# #
#....#####......## # ######
#.......# ##


You could see a boulder beetle.

Vanquished Creatures
  Joseph (D:7)
  Grinder (D:3)
  Sigmund (D:2)
  2 black bears (D:7)
  An orc warrior (D:7)
  An ice beast (D:6)
  2 ogres
  5 necrophages
  2 centaurs
  A phantom (D:6)
  3 scorpions (D:5)
  A water moccasin zombie (D:5)
  A wyvern skeleton (D:7)
  6 killer bees (D:7)
  2 water moccasin skeletons
  5 wights (D:6)
  A howler monkey (D:4)
  A bullfrog zombie (D:5)
  2 jellies
  A bullfrog skeleton (D:4)
  2 orc priests
  A centaur skeleton (D:7)
  3 hounds
  Jessica (D:3)
  2 iguanas
  An orc wizard (D:5)
  A killer bee zombie (D:7)
  A hound zombie (D:5)
  A hound skeleton (D:5)
  19 gnolls
  4 adders
  3 worms
  A dart slug (D:2)
  18 orcs
  5 bats
  4 endoplasms
  A giant cockroach (D:3)
  11 goblins
  11 hobgoblins
  9 jackals
  9 kobolds
  3 quokkas
  5 ball pythons
  5 frilled lizards
  23 rats
  2 bushes (D:5)
  7 plants (D:5)
193 creatures vanquished.

Notes
Turn   | Place    | Note
-------+----------+-------------------------------------------
     0 | D:1      | jfcaron the Demonspawn Monk began the quest for the Orb.
     0 | D:1      | Reached XP level 1. HP: 18/18 MP: 1/1
    57 | D:1      | HP: 2/18 [ball python (3)]
   533 | D:1      | Gained mutation: You are partially covered in razor-sharp
                  | scales. (AC +1, Slay +1) [demonic ancestry]
   533 | D:1      | Reached XP level 2. HP: 9/24 MP: 2/2
   907 | D:1      | Gained mutation: You sometimes gain a little power by
                  | taking damage. [demonic ancestry]
   907 | D:1      | Reached XP level 3. HP: 29/29 MP: 3/3
   918 | D:1      | Learned a level 2 spell: Passwall
  1021 | D:1      | Found a faded altar of an unknown god.
  1487 | D:2      | Noticed Sigmund
  1988 | D:2      | Gained mutation: Your demonic aura sometimes causes spilled
                  | blood to erupt in flames. [demonic ancestry]
  1988 | D:2      | Reached XP level 4. HP: 19/37 MP: 4/4
  2908 | D:3      | Noticed Jessica
  3034 | D:3      | HP: 6/38 [gnoll (3)]
  3041 | D:3      | HP: 7/38 [gnoll (3)]
  3042 | D:3      | HP: 1/38 [gnoll (6)]
  3379 | D:3      | Reached XP level 5. HP: 41/43 MP: 5/5
  3384 | D:3      | HP: 6/43 [gnoll (3)]
  3943 | D:3      | Noticed Grinder
  4272 | D:4      | Found a hide-covered altar of Uskayaw.
  4305 | D:4      | Reached skill level 1 in Armour
  4315 | D:4      | Reached skill level 5 in Fighting
  4315 | D:4      | Reached XP level 6. HP: 20/51 MP: 6/6
  4815 | D:4      | Found a staircase to the Ecumenical Temple.
  4829 | Temple   | Entered the Ecumenical Temple
  5110 | Temple   | Became a worshipper of Qazlal Stormbringer
  5110 | Temple   | Reached * piety under Qazlal
  5110 | Temple   | Reached ** piety under Qazlal
  5274 | D:4      | Found a basalt altar of Yredelemnul.
  5301 | D:4      | Reached skill level 1 in Invocations
  5343 | D:4      | Found a shadowy altar of Dithmenos.
  5480 | D:5      | Entered Level 5 of the Dungeon
  5490 | D:5      | Gained mutation: You have a pair of small antennae on your
                  | head. [demonic ancestry]
  5490 | D:5      | Reached XP level 7. HP: 56/56 MP: 8/8
  5524 | D:5      | Reached skill level 5 in Axes
  6076 | D:5      | Found a blossoming altar of Fedhas.
  6692 | D:5      | Gained mutation: You are mostly covered in razor-sharp
                  | scales. (AC +2, Slay +2) [demonic ancestry]
  6692 | D:5      | Reached XP level 8. HP: 35/64 MP: 10/10
  7132 | D:5      | Reached skill level 5 in Armour
  7340 | D:2      | Killed Sigmund
  7425 | D:3      | Killed Jessica
  7836 | D:3      | Killed Grinder
  7837 | D:3      | Reached skill level 5 in Invocations
  8040 | D:6      | Reached XP level 9. HP: 57/71 MP: 13/13
  8108 | D:6      | Found Vafat's Gadget Gallery.
  8246 | D:6      | Identified the +1 chain mail of Ufoneffo {-Tele rPois rF+++
                  | Str-2}
  8254 | D:6      | Identified the -12 tower shield of Negligence {rF++ Regen+
                  | MP+9 Dex+4}
  8847 | D:7      | Found Neorucaneu's Weapon Shop.
  8877 | D:7      | Found an ancient bone altar of Kikubaaqudgha.
  9856 | D:7      | Found a burning altar of Makhleb.
 10044 | D:7      | Noticed Joseph
 10066 | D:7      | Killed Joseph
 10262 | D:8      | Noticed a boulder beetle
 10274 | D:8      | HP: 6/72 [boulder beetle (16)]
 10597 | D:7      | Mangled by a boulder beetle

Illustrated notes

Levels and vault maps discovered:
D:1:      kennysheep_arrival_seaside, layout_rooms,
          hellmonk_ecumenical_altar_leap_of_faith, minmay_cut_off
D:2:      kennysheep_the_goblin_king, layout_rooms, uniq_sigmund
D:3:      layout_loops_corners, glass_columns_c, minmay_rat_hole, uniq_jessica,
          uniq_grinder
D:4:      layout_rooms, eat_drink_and_be_merry_uskayaw,
          mainiacjoe_overflow_concentric_impassable,
          nicolae_dithmenos_shadow_blocks, temple_fountains,
          kennysheep_minor_cross, minmay_distorted
D:5:      layout_basic, fedhas_altar_decomposition, minivault_5
D:6:      layout_basic, chequers_serial_rivers_micro_b, nicolae_shop_gadgets
D:7:      layout_layer_cave, kiku_gazebo_pond_becter, lightli_temple_of_fire,
          serial_shops, shop, uniq_joseph
D:8:      layout_basic, lair_entry_dummy, minmay_nine_imps
Temple:   oiseaux_autumnal_temple

Skill      XL: |  1  2  3  4  5  6  7  8  9 |
---------------+----------------------------+-----
Axes           | 3 4 5 6 |  6.9
Fighting       | 4 5 6 7 |  7.6
Armour         | 1 3 4 6 7 |  7.6
Invocations    | 2 3 5 7 |  7.1
Dodging        | |  2.6
Stealth        | |  1.7

Action                   |  1- 3 |  4- 6 |  7- 9 || total
-------------------------+-------+-------+-------++-------
Melee: Hand axe          |   113 |    59 |       ||   172
       Punch             |     1 |     4 |     7 ||    12
       War axe           |       |   123 |   310 ||   433
Throw: Stone             |    60 |    98 |    75 ||   233
       Dart              |       |     3 |    20 ||    23
Invok: Upheaval          |       |       |     6 ||     6
Evoke: Wand              |       |       |     2 ||     2
  Use: Potion            |       |     2 |     2 ||     4
       Scroll            |       |     7 |     7 ||    14
 Stab: Sleeping          |     1 |     1 |       ||     2
       Paralysed         |       |       |    14 ||    14
Armor: Robe              |     3 |       |       ||     3
       Ring mail         |    27 |    37 |    13 ||    77
       Scale mail        |       |     6 |    72 ||    78
       Skin              |       |       |    70 ||    70
       Plate armour      |       |       |    12 ||    12
Dodge: Dodged            |    82 |   111 |   198 ||   391
Block: Other             |       |     2 |    33 ||    35
